 Dungeon Crawl Stone Soup version 0.27.1-3-gb3d3a73c9e (webtiles) character file.

Game seed: 10109276409908640923

39 Crownlay the Sneak (level 3, -5/20 HPs)
             Began as a Kobold Arcane Marksman on Oct 19, 2021.
             Slain by a worm (10 damage)
             ... on level 2 of the Dungeon.
             The game lasted 00:03:46 (1959 turns).

Crownlay the Sneak (Kobold Arcane Marksman)         Turns: 1959, Time: 00:03:46

Health: -5/20      AC:  4    Str:  7    XL:     3   Next: 70%
Magic:  4/4        EV: 14    Int: 14    God:
Gold:   159        SH:  0    Dex: 16    Spells: 3/4 levels left

rFire    . . .     SeeInvis .   b - +0 short sword
rCold    + . .     Faith    .   (shield restricted)
rNeg     . . .     Spirit   .   f - +1 leather armour {rC+}
rPois    .         Reflect  .   (no helmet)
rElec    .         Harm     .   (no cloak)
rCorr    .         Rampage  .   (no gloves)
Will     .....                  (no boots)
Stlth    +++.......             (no amulet)
HPRegen  0.06/turn              (no ring)
MPRegen  0.09/turn              (no ring)

@: no status effects
A: small, no large weapons, nightstalker 3
a: no special abilities


You were on level 2 of the Dungeon.
You visited 1 branch of the dungeon, and saw 2 of its levels.

You collected 159 gold pieces.

Inventory:

Hand Weapons
 a - a +0 hand crossbow
 b - a +0 short sword (weapon)
Missiles
 c - 44 bolts
Armour
 f - a +1 leather armour of cold resistance (worn)
Scrolls
 d - a scroll of fog {unknown}
 g - a scroll of fear {unknown}
 h - a scroll of teleportation {unknown}
 i - a scroll of noise {unknown}
 k - a scroll of enchant armour {unknown}
 l - a scroll of amnesia {unknown}
Potions
 e - 2 potions of flight {unknown}
 j - a potion of curing {unknown}


   Skills:
 - Level 1.1 Fighting
 + Level 3.3 Crossbows
 - Level 2.4 Dodging
 * Level 3.5 Stealth
 - Level 1.1 Spellcasting
 - Level 3.0 Hexes


You had 3 spell levels left.
You knew the following spells:

 Your Spells              Type           Power      Damage    Failure   Level
a - Corona                Hex            10%        N/A       12%         1

Your spell library contained the following spells:

 Spells                   Type           Power      Damage    Failure   Level
 Slow                     Hex            9%         N/A       17%         2
 Freeze                   Ice            0%         1d3       36%         1
 Inner Flame              Hex/Fire       4%         N/A       54%         3
 Portal Projectile        Hex/Tloc       8%         N/A       54%         3
 Cause Fear               Hex            4%         N/A       75%         4


Dungeon Overview and Level Annotations

Branches:
Dungeon (2/15)

Altars:


Innate Abilities, Weirdness & Mutations

You are small and have problems with some larger weapons.
You are completely attuned to the shadows.


Message History

The helpless endoplasm fails to defend itself.
You puncture the endoplasm!
You kill the endoplasm!
No target in view!
No target in view!
No target in view!
Found 11 gold pieces.
You now have 159 gold pieces (gained 11).
Found a stone staircase leading down.
You see here 10 arrows.
A worm comes into view.
The helpless worm fails to defend itself.
You hit the worm.
The worm is moderately wounded.
The worm bites you!
Ouch! That really hurt!
You are too injured to fight recklessly!
You are too injured to fight recklessly!
You are too injured to fight recklessly!
A worm is nearby!
You are too injured to fight recklessly!
You hit the worm but do no damage.
The worm is moderately wounded.
The worm bites you.
* * * LOW HITPOINT WARNING * * *
You hit the worm.
The worm is heavily wounded.
You hit the worm.
The worm is heavily wounded.
The worm barely misses you.
You barely miss the worm.
The worm is heavily wounded.
The worm bites you but does no damage.
You hit the worm.
The worm is severely wounded.
You hit the worm but do no damage.
The worm is severely wounded.
The worm bites you!
Ouch! That really hurt!
You die...

...........########..... #.#
...........####......... ...
...........#....###.....# ....
....<........####
#.....####.#.#. ..........####
#.....#....#>#. ...#.....##
####...####.#. ####..####
#####.........(.. ##.#
###......#######.## #.#
#w@...#### #.#. #.# #######
#... ###.#### #### #......# ###
#......# #..
#......######################..
#..............................
#......######################..
#......# #..


You could see a worm.

Vanquished Creatures
  A worm (D:2)
  4 bats (D:1)
  5 endoplasms
  A giant cockroach (D:1)
  A goblin (D:1)
  4 hobgoblins (D:1)
  4 kobolds
  6 ball pythons
  2 frilled lizards (D:1)
  4 rats
32 creatures vanquished.

Vanquished Creatures (others)
  A fungus (D:2)
  4 toadstools (D:2)
5 creatures vanquished.

Grand Total: 37 creatures vanquished

Notes
Turn   | Place    | Note
-------+----------+-------------------------------------------
     0 | D:1      | Crownlay the Kobold Arcane Marksman began the quest for the
                  | Orb.
     0 | D:1      | Reached XP level 1. HP: 12/12 MP: 2/2
   137 | D:1      | Reached skill level 1 in Stealth
   425 | D:1      | Reached XP level 2. HP: 16/16 MP: 3/3
   433 | D:1      | Found a faded altar of an unknown god.
   455 | D:1      | Got Plato's Compendium of Cold
   877 | D:1      | Reached XP level 3. HP: 20/20 MP: 4/4
  1959 | D:2      | Slain by a worm

Illustrated notes

Levels and vault maps discovered:
D:1:      mrwooster_arrival_arrow, layout_basic,
          shapermc_ecumenical_altar_rom_forum
D:2:      layout_rooms, serial_shops, nicolae_shop_crystal, moated_statue,
          minmay_gold_behind_fungi

Skill      XL: |  1  2  3 |
---------------+----------+-----
Stealth        | 1 2 3 |  3.5
Crossbows      | 3 |  3.3
Fighting       | |  1.1
Dodging        | |  2.4
Spellcasting   | |  1.1
Hexes          | |  3.0

Action                   || total
-------------------------++-------
Melee: Short sword       ||    82
 Fire: Hand crossbow     ||    24
 Stab: Sleeping          ||    13
Armor: Robe              ||     6
       Leather armour    ||    14
Dodge: Dodged            ||    69
